 Dungeon Crawl Stone Soup version 0.30-a0-142-g7370640ec8 (webtiles) character file.

Game seed: 10072449006833169332

39 qw the Chopper (level 3, -2/23 HPs)
             Began as a Gargoyle Fighter on Sept 25, 2022.
             Slain by a gnoll
             ... wielding a +0 spear
              (4 damage)
             ... on level 2 of the Dungeon.
             The game lasted 00:00:26 (1243 turns).

qw the Chopper (Gargoyle Fighter)                   Turns: 1243, Time: 00:00:26

Health: -2/23      AC: 12    Str: 21    XL:     3   Next: 45%
Magic:  3/3        EV:  7    Int:  8    God:
Gold:   46         SH:  4    Dex:  9    Spells: 2/2 levels left

rFire   . . .      SeeInvis .    Y - +0 war axe
rCold   . . .      Faith    .    c - +0 buckler
rNeg    + . .      Spirit   .    i - +0 chain mail
rPois   inf        Reflect  .    (no helmet)
rElec   +          Harm     .    (no cloak)
rCorr   .          Rampage  .    (no gloves)
Will    .....                    (no boots)
Stlth   ..........               (no amulet)
HPRegen 0.07/turn                (no ring)
MPRegen 0.08/turn                (no ring)

@: no status effects
A: sickness immunity, AC +3, negative energy resistance 1, electricity
resistance, torment resistance 1, petrification resistance
a: no special abilities


You were on level 2 of the Dungeon.
You visited 1 branch of the dungeon, and saw 2 of its levels.

You collected 46 gold pieces.


Innate Abilities, Weirdness & Mutations

You are immune to sickness and miasma.
Your stone body is resilient. (AC +3)
You are immune to poison.
You resist negative energy. (rN+)
You are resistant to electric shocks. (rElec)
You are resistant to unholy torment.
You are immune to petrification.


   Skills:
 - Level 3.2 Fighting
 + Level 3.4 Axes
 - Level 3.2 Armour
 - Level 3.2 Shields


You had 2 spell levels left.
You didn't know any spells.
Your spell library was empty.

Inventory:

Hand Weapons
 j - a +0 whip
 Y - a +0 war axe (weapon)
Armour
 c - a +0 buckler (worn)
 i - a +0 chain mail (worn)
Scrolls
 g - a scroll of teleportation
Potions
 d - a potion of might
 e - a potion of haste
 h - a potion of heal wounds {unknown}

Dungeon Overview and Level Annotations

Branches:
Dungeon (2/15)

Altars:


Message History

The jackal bites you but does no damage.
The jackal barely misses you. x2
The jackal bites you but does no damage.
You closely miss the jackal.
The jackal is moderately wounded.
You miss the jackal.
The jackal bites you but does no damage. x3
The jackal closely misses you.
You closely miss the jackal.
The jackal is lightly wounded.
You closely miss the jackal. You block the jackal's attack.
The jackal bites you but does no damage.
The jackal barely misses you.
The jackal bites you but does no damage.
You hit the jackal.
You kill the jackal!
You slash the jackal!
You kill the jackal!
Found a stone staircase leading down.
A gnoll comes into view. It is wielding a +0 halberd.
The gnoll shouts!
You hear a shout!
1239 ||| Stepping ~*~*~tactically~*~*~ (hiding). 2 gnolls come into view.
The gnoll shouts!
The gnoll hits you from afar with a +0 halberd.
A bat comes into view.
Found a robe.
The gnoll hits you but does no damage. You block the bat's attack.
You barely miss the gnoll. You barely miss the bat. You hit the gnoll.
The bat hits you but does no damage. x2; The gnoll hits you but does no damage.
The gnoll barely misses you.
The gnoll hits you from afar with a +0 spear.
You closely miss the gnoll.
The gnoll is moderately wounded.
You barely miss the gnoll. The bat closely misses you.
The gnoll hits you with a +0 club. The gnoll hits you with a +0 halberd.
The gnoll hits you from afar with a +0 spear. x2
You die...

.. #. #. #. #. #.
#.#g#########.
#.g.@.........
#.bg#.....[...
#...#.###############
#...#................
#...##########.......
#... ######.######
#..# #......<..#..
[.. #.####.##.#.#
#..........


You could see 3 gnolls and a bat.

Vanquished Creatures
  3 dart slugs (D:1)
  A bat (D:1)
  2 endoplasms (D:1)
  A giant cockroach (D:1)
  2 goblins (D:1)
  4 hobgoblins (D:1)
  3 jackals (D:2)
  2 quokkas (D:1)
  A ball python (D:1)
  3 frilled lizards (D:1)
  5 kobolds
  4 rats (D:1)
31 creatures vanquished.

Notes
Turn   | Place    | Note
-------+----------+-------------------------------------------
     0 | D:1      | qw the Gargoyle Fighter began the quest for the Orb.
     0 | D:1      | Reached XP level 1. HP: 14/14 MP: 1/1
     0 | D:1      | 0 ||| qw: Version: 0.2-a-10-g399e6c4
     0 | D:1      | 0 ||| qw: Game counter: 413
     0 | D:1      | 0 ||| qw: Always use a shield: true
     0 | D:1      | 0 ||| qw: God list: Okawaru
     0 | D:1      | 0 ||| qw: Allow faded altars: false
     0 | D:1      | 0 ||| qw: Do Orc after D:15 true
     0 | D:1      | 0 ||| qw: Do second Lair branch before Depths: true
     0 | D:1      | 0 ||| qw: Lair rune preference: random
     0 | D:1      | 0 ||| qw: Plans: Normal, Zot:1-4, God:TSO, Crypt, Tomb,
                  | Pan, Slime:5, Hells, Abyss, Orb
     0 | D:1      | 0 ||| PLANNING D:1-11
   194 | D:1      | Reached XP level 2. HP: 19/19 MP: 2/2
   350 | D:1      | 350 ||| DROPPING +0 club.
   354 | D:1      | Found a faded altar of an unknown god.
   481 | D:1      | 481 ||| Stepping ~*~*~tactically~*~*~ (stealth).
   484 | D:1      | Reached skill level 3 in Axes
   499 | D:1      | 499 ||| Stepping ~*~*~tactically~*~*~ (stealth).
   505 | D:1      | 505 ||| Stepping ~*~*~tactically~*~*~ (stealth).
   506 | D:1      | 506 ||| Stepping ~*~*~tactically~*~*~ (stealth).
   508 | D:1      | 508 ||| Stepping ~*~*~tactically~*~*~ (stealth).
   509 | D:1      | 509 ||| Stepping ~*~*~tactically~*~*~ (stealth).
   522 | D:1      | 522 ||| Stepping ~*~*~tactically~*~*~ (stealth).
   555 | D:1      | Reached XP level 3. HP: 23/23 MP: 3/3
   821 | D:1      | 821 ||| Stepping ~*~*~tactically~*~*~ (hiding).
  1095 | D:1      | 1095 ||| UPGRADING to +0 chain mail.
  1105 | D:1      | 1105 ||| DROPPING +0 scale mail.
  1106 | D:1      | 1106 ||| READING scroll labelled LUUWNOZEMO.
  1107 | D:1      | 1107 ||| READING 2 scrolls labelled XETAMO XOAB.
  1111 | D:1      | 1111 ||| DRINKING 2 cyan potions.
  1216 | D:2      | 1216 ||| Stepping ~*~*~tactically~*~*~ (stealth).
  1239 | D:2      | 1239 ||| Stepping ~*~*~tactically~*~*~ (hiding).
  1243 | D:2      | HP: 2/23 [gnoll/+0 spear (6)]
  1243 | D:2      | Slain by a gnoll

Levels and vault maps discovered:
D:1:      dpeg_arrival_rooms_with_view, layout_basic,
          nicolae_ecumenical_lake_church
D:2:      layout_basic, basic_altar, uniq_sigmund

Skill      XL: |  1  2 |
---------------+-------+-----
Axes           | 2 3 |  3.4
Fighting       | |  3.2
Armour         | |  3.2
Shields        | |  3.2

Action                   || total
-------------------------++-------
Melee: War axe           ||    74
  Use: Scroll            ||     2
       Potion            ||     1
Armor: Scale mail        ||    24
       Chain mail        ||    17
Dodge: Dodged            ||    29
Block: Buckler           ||    13

Table legend:
 A = Non-vault XP
 B = Vault XP
 C = Vault XP percentage of total XP
 D = Non-vault monster count
 E = Vault monster count
 F = Vault count percentage of total count
                 A         B        C        D         E       F
            +---------+---------+-------+---------+---------+-------
      Total |      54 |       2 |   3.6 |      29 |       2 |   6.5
            +---------+---------+-------+---------+---------+-------
        D:1 |      46 |       2 |   4.2 |      25 |       2 |   7.4
        D:2 |       8 |       0 |   0.0 |       4 |       0 |   0.0
            +---------+---------+-------+---------+---------+-------
